 Dungeon Crawl Stone Soup version 0.25-a0-934-g041635d5d1 (console) character file.

Game seed: 8774178471826323599, levelgen mode: deterministic

3516 dumpf the Destroyer (level 10, -4/79 HPs)
             Began as a Human Conjurer on May 3, 2020.
             Was a Follower of Cheibriados.
             Slain by a two-headed ogre
             ... wielding a +0 giant club
              (16 damage)
             ... on level 8 of the Dungeon on May 4, 2020.
             The game lasted 01:29:46 (7192 turns).

dumpf the Destroyer (Human Conjurer)                Turns: 7192, Time: 01:29:47

Health: -4/79      AC: 13    Str: 16    XL:     10   Next: 28%
Magic:  13/20      EV:  9    Int: 18    God:    Cheibriados [*.....]
Gold:   302        SH:  0    Dex: 16    Spells: 20/23 levels left

rFire    . . .     SeeInvis +   U - +4 battleaxe (freeze)
rCold    + . .     Gourm    .   (shield currently unavailable)
rNeg     . . .     Faith    .   I - +0 chain mail
rPois    .         Spirit   .   K - +2 helmet {SInv}
rElec    .         Reflect  .   (no cloak)
rCorr    .         Harm     .   (no gloves)
MR       .....                  (no boots)
Stlth    ..........             (no amulet)
HPRegen  0.23/turn              O - ring of ice
MPRegen  0.17/turn              r - ring of protection from fire

@: very slow
A: no striking features
a: Bend Time, Renounce Religion


You were on level 8 of the Dungeon.
You worshipped Cheibriados.
Cheibriados was aware of your devotion.
You were hungry.

You visited 2 branches of the dungeon, and saw 10 of its levels.

You collected 489 gold pieces.
You spent 187 gold pieces at shops.

Inventory:

Hand Weapons
 d - a +0 dagger of venom
 e - a cursed +4 scimitar
 h - a cursed +3 dire flail
 n - a +5 great sword
 u - a +3 short sword
 x - a +5 war axe
 y - a +1 hand axe of flaming
 M - a +1 falchion of holy wrath
 R - a cursed +3 morningstar
 T - a +4 trident of venom
 U - a +4 battleaxe of freezing (weapon)
 V - a +3 halberd
 W - a +1 vorpal spear
 Z - a +0 shortbow
Missiles
 m - 186 stones (quivered)
 E - 100 arrows
Armour
 f - a +0 ring mail
 z - a +0 leather armour
 I - a +0 chain mail (worn)
 K - a +2 helmet of see invisible (worn)
 P - a +0 kite shield
 Q - a +0 scale mail
Jewellery
 q - an uncursed ring of see invisible
 r - a ring of protection from fire (right hand)
 L - an uncursed ring of protection from fire
 O - a ring of ice (left hand)
Wands
 j - a wand of flame (10)
 H - a wand of enslavement (18)
Scrolls
 g - a scroll of fog {unknown}
 i - 2 scrolls of teleportation
 l - 9 scrolls of identify
 v - a scroll of enchant armour {unknown}
 w - 6 scrolls of remove curse
 A - a scroll of enchant weapon {unknown}
 J - a scroll of immolation {unknown}
Potions
 a - a potion of brilliance {unknown}
 b - a potion of lignification {unknown}
 o - 5 potions of curing {unknown}
 s - 3 potions of ambrosia {unknown}
 t - 2 potions of cancellation {unknown}
 C - 4 potions of might {unknown}
 D - a potion of stabbing {unknown}
 F - a potion of mutation {unknown}
 Y - a potion of haste {unknown}
Comestibles
 c - 13 rations


   Skills:
 - Level 7.0 Fighting
 - Level 5.0 Armour
 + Level 4.9 Dodging
 - Level 2.0 Stealth
 - Level 7.0 Spellcasting
 - Level 8.0 Conjurations


You had 20 spell levels left.
You knew the following spells:

 Your Spells              Type           Power        Failure   Level  Hunger
a - Magic Dart            Conj           ####         6%          1    None
b - Searing Ray           Conj           #####.       9%          2    None

Your spell library contained the following spells:

 Spells                   Type           Power        Failure   Level  Hunger
 Dazzling Flash           Conj/Hex       ###...       67%         3    ##.....
 Fulminant Prism          Conj/Hex       ###.......   97%         4    ####...
 Iskenderun's Mystic Bla  Conj/Tloc      ###.....     97%         4    ####...


Dungeon Overview and Level Annotations

Branches:
Dungeon (9/15)             Temple (1/1) D:6
   Lair: D:8-11         Orc: D:9-12

Altars:
Ashenzari
Cheibriados
Dithmenos
Fedhas
Gozag
Hepliaklqana
Kikubaaqudgha
Makhleb
Okawaru
Qazlal
Ru
Trog
Uskayaw
Vehumet
Xom
Yredelemnul
Zin
The Shining One

Shops:
D:5 %::[*

Annotations:
D:5 Duvessa


Message History

The searing ray hits the two-headed ogre.
The two-headed ogre is moderately wounded.
You finish channeling your searing ray.
The two-headed ogre hits you with a +0 giant club.
The two-headed ogre closely misses you.
The two-headed ogre hits you with a +0 giant club!!
* * * LOW HITPOINT WARNING * * *
The two-headed ogre completely misses you.
Casting: Searing Ray (safe; 9% risk of failure)
Confirm with . or Enter, or press ? or * to list all spells.
Aiming: Searing Ray (safe; 9% risk of failure)
Press: ? - help, Shift-Dir - straight line, f/p - two-headed ogre
Aim: a two-headed ogre, wielding two +0 giant clubs (moderately wounded)
The searing ray hits the two-headed ogre.
The two-headed ogre is heavily wounded. (Press . to maintain the ray.)
The searing ray hits the two-headed ogre.
The two-headed ogre is heavily wounded.
The two-headed ogre hits you with a +0 giant club!
You die...

#...........##.###
#........>.##
#.....###..#
#.....# #........
###.### ##.......
#.# #........
#.####.<.......
###..#......... .
#.......# ... ...
#.......##.#.....
#......@O........
#.....>.##.###.##
######### .# (# ..
##


You could see a two-headed ogre.

Vanquished Creatures
  A two-headed ogre (D:8)
  Grinder (D:6)
  A spriggan (D:7)
  A wyvern (D:8)
  A sky beast (D:7)
  4 phantoms
  2 ogres (D:7)
  2 centaurs
  A wyvern zombie (D:7)
  2 bullfrogs
  A gnoll sergeant (D:6)
  3 scorpions
  12 wights
  2 howler monkeys
  3 crimson imps
  5 hounds
  5 orc priests
  A worker ant (D:5)
  8 adders
  7 gnolls
  A shadow imp (D:7)
  3 worms (D:2)
  A leopard gecko (D:1)
  15 orcs
  8 bats
  4 giant cockroaches
  7 goblins
  10 hobgoblins
  8 jackals
  3 quokkas
  4 ball pythons
  3 frilled lizards
  A jackal zombie (D:7)
  2 kobolds
  A quokka skeleton (D:4)
  A quokka zombie (D:7)
  5 rats
140 creatures vanquished.

Vanquished Creatures (others)
  Dowan (D:5)
  2 orcs (D:5)
3 creatures vanquished.

Grand Total: 143 creatures vanquished

Notes
Turn   | Place    | Note
-------+----------+-------------------------------------------
     0 | D:1      | dumpf the Human Conjurer began the quest for the Orb.
     0 | D:1      | Reached XP level 1. HP: 13/13 MP: 3/3
   154 | D:1      | Reached XP level 2. HP: 19/19 MP: 0/5
   563 | D:1      | Reached XP level 3. HP: 24/24 MP: 2/7
   775 | D:2      | Reached XP level 4. HP: 20/30 MP: 0/9
  1503 | D:2      | Found a stormy altar of Qazlal.
  1513 | D:2      | Reached XP level 5. HP: 35/35 MP: 3/11
  1755 | D:2      | Found a glowing silver altar of Zin.
  2221 | D:3      | Reached skill level 5 in Spellcasting
  2225 | D:3      | Learned a level 2 spell: Searing Ray
  2834 | D:4      | Found a shattered altar of Ashenzari.
  2835 | D:4      | Noticed a phantom
  3082 | D:4      | Killed a phantom
  3082 | D:4      | Reached XP level 6. HP: 35/41 MP: 4/14
  3283 | D:4      | Reached XP level 7. HP: 28/46 MP: 0/16
  3806 | D:5      | Entered Level 5 of the Dungeon
  3806 | D:5      | Found Kuyw's Antique Armour Shoppe.
  3813 | D:5      | Bought a shiny helmet for 187 gold pieces
  3836 | D:5      | Found Zimn's Assorted Antiques.
  3953 | D:5      | Found a hide-covered altar of Uskayaw.
  3953 | D:5      | Noticed Dowan
  3954 | D:5      | Noticed Duvessa
  4040 | D:5      | Found Taarhaf's Book Boutique.
  4094 | D:5      | Found Venkast's Book Shop.
  4149 | D:5      | Reached skill level 1 in Fighting
  4173 | D:5      | Killed Dowan
  4381 | D:5      | Found Mitaz's Food Boutique.
  4683 | D:6      | Found an ancient bone altar of Kikubaaqudgha.
  4701 | D:6      | Reached XP level 8. HP: 44/58 MP: 9/18
  4838 | D:6      | Reached skill level 5 in Fighting
  5112 | D:6      | Found a blossoming altar of Fedhas.
  5214 | D:6      | Found a staircase to the Ecumenical Temple.
  5228 | Temple   | Entered the Ecumenical Temple
  5245 | Temple   | Became a worshipper of Cheibriados the Contemplative
  5718 | D:6      | Noticed Grinder
  5732 | D:6      | Paralysed by Grinder for 4 turns
  5742 | D:6      | Killed Grinder
  5742 | D:6      | Reached XP level 9. HP: 56/72 MP: 9/19
  5757 | D:6      | Found a shimmering altar of Xom.
  5762 | D:6      | Found a glowing golden altar of the Shining One.
  5763 | D:6      | Found a radiant altar of Vehumet.
  5768 | D:6      | Found an iron altar of Okawaru.
  5768 | D:6      | Found a hide-covered altar of Uskayaw.
  6412 | D:7      | Reached skill level 5 in Armour
  6449 | D:7      | Reached skill level 5 in Conjurations
  6598 | D:7      | Reached * piety under Cheibriados
  6661 | D:7      | Reached skill level 6 in Conjurations
  6857 | D:8      | Noticed a two-headed ogre
  6872 | D:8      | Killed a two-headed ogre
  6872 | D:8      | Reached skill level 8 in Conjurations
  6872 | D:8      | Reached XP level 10. HP: 12/79 MP: 12/20
  7036 | D:8      | Upgraded the game from 0.25-a0-927-g39f137c8b7 to
                  | 0.25-a0-934-g041635d5d1
  7056 | D:8      | Found a hazy altar of Hepliaklqana.
  7183 | D:8      | Noticed a two-headed ogre
  7192 | D:8      | Slain by a two-headed ogre

Levels and vault maps discovered:
D:1:      ncdulo_lavacross, layout_loops_ring, kennysheep_doodads
D:2:      cheibrodos_greedy_goblins, layout_loops_ring, lemuel_round_altar,
          zin_treasury, first_ration, minmay_mini_jars
D:3:      layout_basic, chequers_serial_rivers_micro_c
D:4:      layout_basic, overflow_temple_1_default
D:5:      layout_loops_ring, serial_shops, shop, nicolae_shop_behind_doors,
          shop, shop, shop, basic_altar, minmay_curled_crystal,
          lemuel_old_faithful, uniq_duvessa
D:6:      layout_basic, minmay_overflow_temple_star_hex,
          nicolae_overflow_hidden_temple, temple_pool_b, basic_altar,
          uniq_grinder
D:7:      layout_loops_ring, the_bakery
D:8:      layout_rooms, lemuel_coloured_pillars_altar, lemuel_crystal_altar,
          nicolae_overflow_crystal_walls, basic_altar,
          hangedman_decor_peaks_small
D:9:      layout_grid_maze, overflow_temple_1_default, lair_entry_dummy,
          special_room [special_room_orc]
Temple:   dpeg_three_leaves_temple

Skill      XL: |  1  2  3  4  5  6  7  8  9 10 |
---------------+-------------------------------+-----
Spellcasting   | 3 4 5 6 7 |  7.0
Fighting       | 3 7 |  7.0
Armour         | 3 5 |  5.0
Conjurations   | 8 |  8.0
Dodging        | 4 |  4.9
Stealth        | |  2.0

Action                   |  1- 3 |  4- 6 |  7- 9 | 10-12 || total
-------------------------+-------+-------+-------+-------++-------
Melee: Unarmed           |    12 |       |       |       ||    12
       Dagger            |    16 |       |       |       ||    16
       Short sword       |    20 |    35 |       |       ||    55
       Hand axe          |       |    15 |    21 |       ||    36
       Battleaxe         |       |       |    64 |     6 ||    70
 Cast: Magic Dart        |    29 |    98 |    65 |     4 ||   196
       Searing Ray       |       |     6 |    35 |    10 ||    51
  Use: Scroll            |       |     3 |     2 |       ||     5
 Stab: Sleeping          |     2 |     1 |       |       ||     3
  Eat: Chunk             |       |     6 |     6 |       ||    12
       Ration            |       |       |     2 |       ||     2
Armor: Robe              |    13 |     6 |       |       ||    19
       Ring mail         |       |     9 |    60 |     2 ||    71
       Leather armour    |       |     1 |       |       ||     1
Dodge: Dodged            |    44 |    43 |   113 |    12 ||   212

Table legend:
 A = Non-vault XP
 B = Vault XP
 C = Vault XP percentage of total XP
 D = Non-vault monster count
 E = Vault monster count
 F = Vault count percentage of total count
                 A         B        C        D         E       F
            +---------+---------+-------+---------+---------+-------
      Total |    4484 |     540 |  10.7 |     123 |      17 |  12.1
            +---------+---------+-------+---------+---------+-------
        D:1 |      31 |       2 |   6.1 |      18 |       1 |   5.3
        D:2 |     106 |      41 |  27.9 |      18 |      14 |  43.8
        D:3 |      61 |       0 |   0.0 |       8 |       0 |   0.0
        D:4 |     311 |       0 |   0.0 |      15 |       0 |   0.0
        D:5 |     233 |       0 |   0.0 |      12 |       0 |   0.0
        D:6 |    1143 |     277 |  19.5 |      27 |       1 |   3.6
        D:7 |     971 |     220 |  18.5 |      17 |       1 |   5.6
        D:8 |    1628 |       0 |   0.0 |       8 |       0 |   0.0
            +---------+---------+-------+---------+---------+-------
